 Dungeon Crawl Stone Soup version 0.31-a0-986-g5e6e4ef867 (webtiles) character file.

Game seed: 1415499813442873095

9072 gelatine the Covered (level 11, -5/81 HPs)
             Began as a Demonspawn Fighter on Nov 18, 2023.
             Slain by a blink frog (12 damage)
             ... on level 1 of the Lair of Beasts.
             The game lasted 00:31:32 (11238 turns).

gelatine the Covered (Demonspawn Fighter)          Turns: 11238, Time: 00:31:33

Health: -5/81      AC: 14    Str: 15    XL:     11   Next: 18%
Magic:  0/16       EV:  7    Int: 15    God:
Gold:   843        SH: 13    Dex: 12    Spells: 5/16 levels left

rFire   . . .        J - +3 mace of the Flying Pariah {flame, rElec rPois Will+++ Str-5}
rCold   + + .        H - +0 tower shield
rNeg    . . .        L - +0 ice dragon scales
rPois   +            (helmet unavailable)
rElec   +            f - +0 cloak
rCorr   +            (no gloves)
SInv    +            h - +0 pair of boots
Will    +++..        o - amulet of guardian spirit Stlth
                     A - ring of protection from fire
HPRegen 0.33/turn    S - ring of resist corrosion
MPRegen 0.15/turn

%: guardian spirit
@: lethally poisoned (-5 -> -16)
A: antennae 3, demonic guardian 2, foul stench 1, big brain 2
a: no special abilities


You were on level 1 of the Lair of Beasts.
You visited 3 branches of the dungeon, and saw 12 of its levels.

You collected 931 gold pieces.
You spent 88 gold pieces at shops.

Inventory:

Hand Weapons
 a - a +0 war axe
 i - a +2 whip of venom
 I - a +2 heavy flail
 J - the +3 mace of the Flying Pariah (weapon) {flame, rElec rPois Will+++ Str-5}
   (You found it on level 6 of the Dungeon)

   Str-5:     It affects your strength (-5).
   rElec:     It insulates you from electricity.
   rPois:     It protects you from poison Will+++: It greatly increases your
   willpower.
 O - a +2 flail of draining
Missiles
 e - 2 atropa-tipped darts
 l - 7 poisoned darts
 w - 32 stones
 y - a throwing net
 D - 2 boomerangs (quivered)
 T - 3 javelins
Armour
 b - a +0 scale mail
 c - a +0 buckler
 f - a +0 cloak (worn)
 h - a +0 pair of boots (worn)
 p - a +0 ring mail
 q - a +0 leather armour
 r - a +0 leather armour of poison resistance
 H - a +0 tower shield (worn)
 L - +0 ice dragon scales (worn)
Jewellery
 o - an amulet of guardian spirit (around neck)
 A - a ring of protection from fire (left hand)
 G - a ring of protection from fire
 S - a ring of resist corrosion (right hand)
Talismans
 M - a storm talisman
 P - a blade talisman
Wands
 z - a wand of mindburst (29)
 C - a wand of roots (24)
 E - a wand of polymorph (9)
 W - a wand of flame (11)
Scrolls
 g - 2 scrolls of immolation
 j - a scroll of enchant armour
 m - a scroll of acquirement {unknown}
 n - a scroll of fog
 s - 2 scrolls of vulnerability {unknown}
 v - a scroll of summoning {unknown}
 x - a scroll of enchant weapon {unknown}
 K - a scroll of teleportation
 R - 2 scrolls of blinking {unknown}
 V - a scroll of identify
Potions
 d - a potion of might
 k - 6 potions of curing
 t - 3 potions of magic
 u - a potion of brilliance
 B - a potion of invisibility
 F - 3 potions of haste {unknown}
 N - 3 potions of heal wounds
 Q - a potion of lignification {unknown}
 U - 4 potions of attraction {unknown}


   Skills:
 * Level 5.7 Fighting
 + Level 2.0(4.7) Axes
 * Level 6.7(6.9) Maces & Flails
 + Level 2.8 Throwing
 * Level 6.7 Armour
 * Level 5.2 Dodging
 + Level 2.1 Stealth
 * Level 6.0 Shields
 + Level 3.4 Spellcasting
 * Level 3.1 Translocations
 * Level 5.3 Transmutations
 * Level 2.3 Fire Magic
 * Level 1.8 Poison Magic
 + Level 3.2 Evocations


You had 5 spell levels left.
You knew the following spells:

 Your Spells              Type           Power      Damage    Failure   Level
a - Wereblood             Tmut           18%        N/A       80%         2
b - Blink                 Tloc           24%        N/A       97%         2
c - Manifold Assault      Tloc           12%        N/A       100%        4
d - Ignite Poison         Fire/Tmut/Pois 12%        N/A       100%        3

Your spell library contained the following spells:

 Spells                   Type           Power      Damage    Failure   Level
 Dazzling Flash           Conj/Hex       4%         N/A       100%        3
 Ozocubu's Armour         Ice            2%         N/A       100%        3
 Leda's Liquefaction      Hex/Erth       1%         N/A       100%        4
 Agony                    Necr           2%         N/A       100%        5
 Irradiate                Conj/Tmut      5%         3d13      100%        5
 Lee's Rapid Deconstruct  Erth           1%         3d4*      100%        5
 Silence                  Hex/Air        1%         N/A       100%        5
 Bombard                  Conj/Erth      1%         9d1       100%        6
 Ozocubu's Refrigeration  Ice            1%         4d7       100%        7


Dungeon Overview and Level Annotations

Branches:
Dungeon (10/15)            Temple (1/1) D:5            Lair (1/5) D:8
    Orc: D:9-12

Altars:
Ashenzari
Cheibriados
Dithmenos
Fedhas
Gozag
Hepliaklqana
Kikubaaqudgha
Makhleb
Nemelex Xobeh
Okawaru
Qazlal
Ru
Sif Muna
Trog
Uskayaw
Vehumet
Wu Jian
Xom
Yredelemnul

Shops:
D:3 :   D:7 :   D:9 :

Portals:
Ice
Cave: Lair:1

Annotations:
D:3 1 runed translucent door, monsoonserge's ghost, amateur HuSu


Innate Abilities, Weirdness & Mutations

You have a pair of large antennae on your head. (SInv)
A demonic guardian rushes to your aid.
You may rarely emit foul miasma when damaged in melee.
You have an extremely huge brain. (Int +4)


Message History

The blink frog hits you but does no damage.
You barely miss the blink frog.
The black mamba bites you but does no damage.
You block the blink frog's attack. The black mamba closely misses you.
The cane toad stings you but does no damage.
You completely miss the blink frog. You block the black mamba's attack.
You block the blink frog's attack.
The blink frog hits you but does no damage.
The cane toad completely misses you. The black mamba closely misses you.
The blink frog hits you!
The blink frog blinks!
The blink frog hits you!
The blink frog blinks!
You block the cane toad's attack.
You closely miss the cane toad. You block the blink frog's attack.
The black mamba bites you. The cane toad stings you.
You are poisoned.
The cane toad poisons you!
You emit a cloud of foul miasma!
The blink frog hits you but does no damage.
The water moccasin bites you! The black mamba bites you.
You hit the water moccasin. You burn the water moccasin.
The water moccasin is lightly wounded.
You feel extremely sick. The black mamba barely misses you.
The blink frog blinks!
The water moccasin bites you but does no damage.
You block the blink frog's attack.
The cane toad is engulfed in dark miasma.
The cane toad seems to slow down.
You block the cane toad's attack.
The black mamba bites you but does no damage.
The blink frog hits you. The blink frog hits you!
* * * LOW HITPOINT WARNING * * *
The water moccasin bites you.
* * * LOW HITPOINT WARNING * * *
The cane toad is engulfed in dark miasma.
The cane toad is poisoned.
The cane toad stings you!
* * * LOW HITPOINT WARNING * * *
A demonic guardian appears!
* * * LOW HITPOINT WARNING * * *
You feel very sick.
The cane toad is no longer moving slowly.
The black mamba bites you but does no damage.
The blink frog hits you!
You die...

................
....................
....................
........<...# ..§...
........###P# ......
.........## #......
#.........###.......
...........#SS./....
...........@.F......
...#........FF......
..###......4......##
.. ##...........##
...........###
..#...........
..............#
.∩.#.#........


You could see a black mamba, a cane toad (poisoned), 2 blink frogs, a water
moccasin and a friendly rust devil (summoned).

Vanquished Creatures
  Erolcha (D:9)
  Pikel (D:9)
  Maurice (D:9)
  A komodo dragon (D:8)
  A shadow (D:9)
  14 yaks
  2 wyverns
  A basilisk (D:9)
  Grum (D:10)
  3 water moccasins (D:5)
  An orc warrior (D:7)
  5 ice beasts
  A black bear (D:3)
  2 ogres (D:5)
  3 wolves (D:9)
  A bullfrog (D:6)
  3 scorpions
  9 killer bees
  2 howler monkeys (D:5)
  5 jellies
  4 orc priests
  A gnoll bouda (D:8)
  3 hounds
  2 iguanas (D:5)
  2 sleepcaps
  14 orc wizards
  3 adders
  14 gnolls
  3 shadow imps
  2 ufetubi
  5 worms
  2 dart slugs
  35 orcs
  6 ball pythons
  9 endoplasms
  4 giant cockroaches
  10 goblins
  9 hobgoblins
  3 jackals (D:1)
  8 kobolds
  3 quokkas
  5 bats
  4 frilled lizards
  4 rats
213 creatures vanquished.

Vanquished Creatures (collateral kills)
  A manticore (D:8)
  A hornet (D:9)
  4 yaks (D:9)
  Menkaure (D:5)
  An orc warrior (D:8)
  2 jellies
  A sleepcap (D:5)
  A gnoll (D:4)
  2 ufetubi
  A worm (D:2)
  2 orcs (D:8)
  A quokka (D:4)
18 creatures vanquished.

Grand Total: 231 creatures vanquished

Notes
Turn   | Place    | Note
-------+----------+-------------------------------------------
     0 | D:1      | gelatine the Demonspawn Fighter began the quest for the
                  | Orb.
     0 | D:1      | Reached XP level 1. HP: 18/18 MP: 1/1
   157 | D:1      | Gained mutation: A weak demonic guardian rushes to your
                  | aid. [demonic ancestry]
   157 | D:1      | Reached XP level 2. HP: 21/24 MP: 2/2
   403 | D:1      | Found a faded altar of an unknown god.
   462 | D:1      | Gained mutation: You may rarely emit foul miasma when
                  | damaged in melee. [demonic ancestry]
   462 | D:1      | Reached XP level 3. HP: 29/29 MP: 3/3
  1219 | D:2      | Learned a level 2 spell: Wereblood
  1577 | D:2      | Found a blossoming altar of Fedhas.
  1615 | D:3      | Reached skill level 1 in Maces & Flails
  1621 | D:3      | Found Xicutaegu's Book Shop.
  1798 | D:3      | Noticed a black bear
  1803 | D:3      | Killed a black bear
  1804 | D:3      | Reached skill level 1 in Stealth
  1804 | D:3      | Reached XP level 4. HP: 31/35 MP: 2/5
  1804 | D:3      | Gained mutation: You have an unusually large brain. (Int
                  | +2) [demonic ancestry]
  1804 | D:3      | Reached XP level 5. HP: 37/41 MP: 2/6
  1921 | D:3      | Reached skill level 1 in Dodging
  1952 | D:3      | Found a runed translucent door.
  1957 | D:3      | Noticed monsoonserge's ghost (amateur HuSu)
  1980 | D:3      | Reached skill level 1 in Transmutations
  2610 | D:4      | You fall into a shaft and drop 3 floors!
  2669 | D:5      | Entered Level 5 of the Dungeon
  2677 | D:5      | Gained mutation: You have an extremely huge brain. (Int +4)
                  | [demonic ancestry]
  2677 | D:5      | Reached XP level 6. HP: 33/47 MP: 5/7
  2748 | D:5      | Found a shadowy altar of Dithmenos.
  2812 | D:5      | Noticed an ice beast
  2821 | D:5      | Killed an ice beast
  2822 | D:5      | Reached skill level 1 in Spellcasting
  2878 | D:5      | Noticed an ice beast
  2896 | D:5      | Killed an ice beast
  2979 | D:5      | Noticed Menkaure
  2983 | D:5      | Found a staircase to the Ecumenical Temple.
  2989 | D:5      | Killed Menkaure
  2990 | D:5      | Gained mutation: A demonic guardian rushes to your aid.
                  | [demonic ancestry]
  2990 | D:5      | Reached XP level 7. HP: 4/53 MP: 0/9
  3387 | D:4      | Found a broken altar of Ashenzari.
  3637 | D:4      | Found a shimmering blue altar of Sif Muna.
  3645 | D:4      | Reached skill level 1 in Evocations
  4189 | D:5      | Reached skill level 1 in Throwing
  4195 | D:5      | Gained mutation: You have a pair of small antennae on your
                  | head. [demonic ancestry]
  4195 | D:5      | Reached XP level 8. HP: 42/60 MP: 6/11
  4294 | D:5      | HP: 3/60 [ufetubus (2)]
  4966 | Temple   | Entered the Ecumenical Temple
  5572 | D:6      | Reached XP level 9. HP: 56/65 MP: 10/13
  6205 | D:6      | Found a snail-covered altar of Cheibriados.
  6205 | D:6      | Identified the +3 mace of the Flying Pariah {flame, rElec
                  | rPois Will+++ Str-5}
  6596 | D:6      | Found an ornate altar of the Wu Jian Council.
  6596 | D:6      | Found a radiant altar of Vehumet.
  6822 | D:7      | Found Washron's Book Boutique.
  7120 | D:7      | Reached skill level 5 in Maces & Flails
  7182 | D:7      | Found a sacrificial altar of Ru.
  7879 | D:8      | Noticed a komodo dragon
  7895 | D:8      | Killed a komodo dragon
  7919 | D:8      | Found a staircase to the Lair.
  8063 | D:8      | Found an opulent altar of Gozag.
  8114 | D:8      | Noticed a manticore
  8130 | D:8      | HP: 3/66 [manticore (16)]
  8130 | D:8      | Killed a manticore
  8131 | D:8      | Reached skill level 5 in Armour
  8131 | D:8      | Reached skill level 5 in Shields
  8344 | D:8      | Learned a level 2 spell: Blink
  8349 | D:8      | Learned a level 4 spell: Manifold Assault
  8733 | D:8      | Gained mutation: You have a pair of antennae on your head.
                  | [demonic ancestry]
  8733 | D:8      | Reached XP level 10. HP: 34/73 MP: 8/15
  8993 | D:9      | Noticed Pikel
  9007 | D:9      | Killed Pikel
  9058 | D:9      | Reached skill level 1 in Translocations
  9126 | D:9      | Found Enaedeas's Tiny Tomes.
  9134 | D:9      | Bought Byefube's Essays on the Pyromaniac for 88 gold
                  | pieces
  9138 | D:9      | Learned a level 3 spell: Ignite Poison
  9194 | D:9      | Paralysed by a hornet for 3 turns
  9203 | D:9      | Paralysed by a hornet for 2 turns
  9209 | D:9      | Reached skill level 5 in Fighting
  9321 | D:9      | Noticed Erolcha
  9565 | D:9      | Found an iron altar of Okawaru.
  9626 | D:9      | Reached skill level 1 in Fire Magic
  9763 | D:9      | Killed Erolcha
  9764 | D:9      | Reached skill level 5 in Dodging
  9764 | D:9      | Reached skill level 5 in Transmutations
  9874 | D:9      | Reached skill level 1 in Poison Magic
 10153 | D:9      | Found a stormy altar of Qazlal.
 10218 | D:9      | Noticed Maurice
 10225 | D:9      | Maurice stole a +2 flail of draining
 10230 | D:9      | Maurice stole a blade talisman
 10232 | D:9      | Maurice stole 25 stones
 10234 | D:9      | Killed Maurice
 10523 | D:8      | Gained mutation: You have a pair of large antennae on your
                  | head. (SInv) [demonic ancestry]
 10523 | D:8      | Reached XP level 11. HP: 72/81 MP: 13/16
 10764 | D:10     | Entered Level 10 of the Dungeon
 10764 | D:10     | Noticed Grum
 10908 | D:10     | Killed Grum
 11221 | Lair:1   | Entered Level 1 of the Lair of Beasts
 11229 | Lair:1   | Found a frozen archway.
 11238 | Lair:1   | Slain by a blink frog

Illustrated notes

Levels and vault maps discovered:
D:1:      zaba_arrival_water, layout_basic, hellmonk_ecumenical_altar_zigzags
D:2:      layout_loops_cross, basic_altar
D:3:      layout_loops_cross, serial_shops, nicolae_book_shop_shelving,
          ebering_ghost_reflecting_pool
D:4:      layout_gridville, kennysheep_orc_sif_temple,
          nicolae_overflow_crystal_walls, mainiacjoe_overflow_big_doors,
          hangedman_abyss_or_decor_stabs, hangedman_decor_points,
          minmay_hedge_maze
D:5:      minmay_polygon_palace, layout_basic,
          mainiacjoe_overflow_surrounded_room, minmay_temple_entry_glass,
          uniq_menkaure
D:6:      layout_basic, nicolae_tso_carved_into_rock,
          gammafunk_temple_overflow_elements, mainiacjoe_overflow_alcove_1
D:7:      layout_rooms, nicolae_ru_great_annihilating_truth, serial_shops, shop,
          minmay_crystal_room
D:8:      layout_rooms, lemuel_round_altar, david_lair_shrubbed
D:9:      layout_long_grid, hellmonk_okawaru_the_only_friend_you_need,
          nicolae_qazlal_eye_of_the_storm, nicolae_shop_i_like_small_books_too,
          uniq_maurice, uniq_erolcha, uniq_pikel
D:10:     layout_long_grid, david_orc_1_choice, uniq_grum
Temple:   chequers_temple_sunken
Lair:1:   layout_hall_layers, portal_ice_cave_entry_pillars_1,
          nzn_masters_of_martial_movement

Skill      XL: |  1  2  3  4  5  6  7  8  9 10 11 |
---------------+----------------------------------+-----
Shields        | 3 5 6 |  6.0
Armour         | 3 4 5 6 |  6.7
Axes           | 2 |  2.0
Maces & Flails | 1 2 3 4 5 6 |  6.7
Stealth        | 1 2 |  2.1
Dodging        | 1 2 4 5 |  5.2
Transmutations | 1 2 3 4 5 |  5.3
Spellcasting   | 1 2 3 |  3.4
Evocations     | 1 3 |  3.2
Throwing       | 1 2 |  2.8
Fighting       | 4 5 |  5.7
Translocations | 2 3 |  3.1
Fire Magic     | 2 |  2.3
Poison Magic   | 1 |  1.8

Action                     |  1- 3 |  4- 6 |  7- 9 | 10-12 || total
---------------------------+-------+-------+-------+-------++-------
  Melee: War axe           |     7 |       |       |       ||     7
         Whip              |   111 |   100 |   260 |       ||   471
         Mace              |       |       |   188 |   226 ||   414
  Throw: Stone             |     7 |    14 |     7 |       ||    28
         Dart              |       |       |    45 |       ||    45
         Javelin           |       |       |    27 |       ||    27
         Boomerang         |       |       |     4 |    29 ||    33
  Evoke: Wand              |       |       |       |     1 ||     1
    Use: Scroll            |       |    10 |     2 |     1 ||    13
         Potion            |       |       |     4 |       ||     4
   Stab: Distracted        |       |     1 |       |     1 ||     2
         Paralysed         |       |       |     3 |       ||     3
 Armour: Scale mail        |    70 |    57 |    34 |       ||   161
         Ring mail         |     1 |       |       |       ||     1
         Leather armour    |       |       |   176 |       ||   176
         Ice dragon scales |       |       |   229 |   205 ||   434
  Dodge: Dodged            |    40 |    26 |   244 |    60 ||   370
  Block: Buckler           |    20 |    13 |    70 |       ||   103
         Tower shield      |       |       |   168 |   214 ||   382

Table legend: (Time is in decaauts)
 A = Elapsed time spent in this place.
 B = Non-inter-level travel time spent in this place.
 C = Inter-level travel time spent in this place.
 D = Time resting spent in this place.
 E = Time spent auto-exploring this place.
 F = Levels seen in this place.
 G = Mean time per level.
                   A        B        C        D        E       F      G
               +--------+--------+--------+--------+--------+-----+--------+
         Total |  11497 |  11143 |    354 |      0 |   8581 |  12 |  958.1 |
       Dungeon |  11410 |  11056 |    354 |      0 |   8575 |  10 | 1141.0 |
        Temple |     67 |     67 |      0 |      0 |      0 |   1 |   67.0 |
          Lair |     18 |     18 |      0 |      0 |      6 |   1 |   18.0 |
               +--------+--------+--------+--------+--------+-----+--------+

Top non-repeatable levels by time:
     D:9: 2075 daAuts
     D:5: 1767 daAuts
     D:6: 1650 daAuts
     D:8: 1285 daAuts
     D:4: 1156 daAuts
     D:1: 961 daAuts
     D:7: 800 daAuts
     D:3: 709 daAuts
     D:2: 663 daAuts
    D:10: 340 daAuts
  Temple: 67 daAuts
  Lair:1: 18 daAuts
